Map: Overgrown Facility

Players

RobbieDBmx

  • Race: Zerg Zerg
  • League: Platinum
  • Spawn Location: 7:00

AlanHG

  • Race: Terran Terran
  • League: Gold
  • Spawn Location: 9:00

Faust

  • Race: Zerg Zerg
  • League: Diamond
  • Spawn Location: 1:00

Throwfordays

  • Race: Protoss Protoss
  • League: Silver
  • Spawn Location: 3:00

VOD

Have the link to the VOD?

Description

Time

  • Played on: Feb. 10, 2019, 10:39 p.m.
  • Length: 4:15
Show
View Real Time Build Order
Export as new Build Order

RobbieDBmx Zerg 

Build Orders: Pool First 

Get SALT Encoding   

  12  0:20  Spawning Pool  
  11  0:24  Drone  
  11  0:28  Drone  
  13  0:33  Drone  
  14  0:40  Extractor, Drone  
  15  0:48  Overlord  
  15  1:07  Queen  
  15  1:08  Zergling x4  
  19  1:18  Zergling x2  
  20  1:30  Zergling x2  
  21  1:41  Zergling x2  
  22  1:54  Overlord  
  22  1:58  Hatchery  
  21  2:09  Zergling x2  
  22  2:17  Zergling x8  
  25  2:29  Drone  
  26  2:30  Extractor  
  25  2:37  Zergling x2  
  22  2:53  Drone  
  22  2:56  Zergling x2  
  24  3:03  Zergling x6  
  26  3:15  Queen  
  26  3:16  Drone  
  26  3:19  Drone  
  30  3:26  Drone x2  
  30  3:27  Drone x2  
  34  3:32  Zergling x4  
  35  3:49  Overlord  
  35  3:51  Overlord x2  
Show
View Real Time Build Order
Export as new Build Order

AlanHG Terran 

Build Orders:  

Get SALT Encoding   

  12  0:01  SCV  
  13  0:13  SCV  
  14  0:24  Supply Depot  
  14  0:26  SCV  
  15  0:45  SCV  
  15  0:46  Barracks  
  16  0:52  Barracks  
  16  1:05  Barracks  
  16  1:10  SCV  
  17  1:21  Barracks  
  17  1:35  Orbital Command  
  17  1:37  Marine  
  18  1:46  Marine  
  19  1:53  Marine  
  20  1:58  Marine  
  21  2:04  Marine  
  22  2:09  Marine  
  22  2:11  Refinery  
  23  2:22  Supply Depot  
  23  2:23  Supply Depot  
  23  2:43  Marine x4  
  27  3:01  Marine x4  
  29  3:16  SCV  
  29  3:19  Marine x4  
  34  3:26  Supply Depot  
  34  3:29  Engineering Bay  
  34  3:36  Marine x2  
  34  3:39  Marine x2  
  38  3:53  SCV  
  38  3:54  Marine x2  
  41  3:57  Marine x2  
  43  4:02  Supply Depot  
  43  4:03  Supply Depot  
  43  4:05  Supply Depot  
Show
View Real Time Build Order
Export as new Build Order

Faust Zerg 

Build Orders: Hatch First 

Get SALT Encoding   

  12  0:01  Drone  
  13  0:08  Drone  
  14  0:16  Extractor  
  14  0:17  Drone  
  15  0:23  Overlord  
  15  0:42  Drone x2  
  17  0:55  Hatchery  
  16  0:57  Drone  
  16  1:00  Extractor  
  16  1:02  Drone  
  17  1:22  Drone  
  17  1:24  Spawning Pool  
  17  1:27  Drone  
  17  1:29  Drone  
  19  1:39  Overlord  
  19  1:51  Drone  
  20  2:10  Queen  
  20  2:11  Queen  
  20  2:13  Zergling x4  
  20  2:14  Zergling x2  
  27  2:21  Zergling x2  
  27  2:22  Zergling x2  
  29  2:33  Zergling x4  
  31  3:02  Zergling x10  
  35  3:09  Baneling Nest  
  34  3:16  Zergling x4  
  30  3:34  Zergling x2  
  30  3:35  Zergling x4  
  32  3:54  Zergling x4  
  32  3:55  Zergling x4  
  36  3:57  Overlord x2  
  36  4:00  Baneling x4  
Show
View Real Time Build Order
Export as new Build Order

Throwfordays Protoss 

Build Orders: 1 Gate Expand 

Get SALT Encoding   

  12  0:00  Probe  
  13  0:13  Probe  
  14  0:18  Pylon  
  14  0:25  Probe  
  15  0:37  Probe  
  15  0:41  Gateway  
  16  0:48  Assimilator  
  16  0:49  Probe  
  17  1:01  Probe  
  18  1:13  Probe  
  19  1:25  Probe  
  20  1:28  Cybernetics Core  
  20  1:41  Nexus  
  20  1:47  Assimilator  
  20  1:49  Probe  
  21  2:01  Probe  
  21  2:08  Zealot  
  23  2:13  Probe  
  23  2:15  Pylon  
  14  2:32  Probe  
  11  3:00  Probe  
  12  3:06  Probe  
  14  3:12  Probe  
  14  3:18  Probe  
  17  3:48  Pylon  
Tags
 
Add a new tag
Caveats
  • Supply blocks, unpowered buildings, or Contaminate may cause inaccurate times.
  • Supply counts are checked every 10 seconds.